 Dungeon Crawl Stone Soup version 0.28-a0-834-g1a73be5ee4 (webtiles) character file.

Game seed: 17669932782686334655

4 croobank the Gusty (level 1, -3/7 HPs)
             Began as a Felid Air Elementalist on Nov 12, 2021.
             Slain by a quokka (5 damage)
             ... on level 1 of the Dungeon.
             The game lasted 00:00:46 (28 turns).

croobank the Gusty (Felid Air Elementalist)           Turns: 28, Time: 00:00:47

Health: -3/7       AC:  1    Str:  4    XL:     1   Next: 50%
Magic:  0/4        EV: 17    Int: 16    God:
Gold:   0          SH:  0    Dex: 16    Spells: 3/4 levels left
                                        Lives:  0   Deaths: 0

rFire   . . .      SeeInvis +   (weapon unavailable)
rCold   . . .      Faith    .   (shield unavailable)
rNeg    . . .      Spirit   .   (armour unavailable)
rPois   .          Reflect  .   (helmet unavailable)
rElec   .          Harm     .   (cloak unavailable)
rCorr   .          Rampage  .   (gloves unavailable)
Will    .....                   (boots unavailable)
Stlth   ++........              (no amulet)
HPRegen 0.02/turn               (no ring)
MPRegen 0.09/turn               (no ring)

@: quick
A: very small, claws 1, fangs 3, see invisible, speed 1, shaggy fur 1, stealthy
paws, no weapons or thrown items, no armour, multi-lived
a: no special abilities


You were on level 1 of the Dungeon.
You visited 1 branch of the dungeon, and saw 1 of its levels.

You aren't carrying anything.


   Skills:
 + Level 2.6 Dodging
 + Level 2.6 Stealth
 + Level 2.2 Spellcasting
 + Level 0.8 Conjurations
 + Level 2.8 Air Magic


You had 3 spell levels left.
You knew the following spells:

 Your Spells              Type           Power      Damage    Failure   Level
a - Shock                 Conj/Air       28%        1d4       10%         1

Your spell library contained the following spells:

 Spells                   Type           Power      Damage    Failure   Level
 Static Discharge         Conj/Air       7%         N/A       14%         2
 Swiftness                Air            10%        N/A       19%         3
 Airstrike                Air            5%         N/A       54%         4


Dungeon Overview and Level Annotations

Branches:
Dungeon (1/15)

Altars:


Innate Abilities, Weirdness & Mutations

You have sharp claws.
You have razor-sharp teeth.
You have supernaturally acute eyesight. (SInv)
You cover ground quickly. (Speed+)
You are covered in fur. (AC +1)
Your paws help you pounce on unaware monsters.
You are incapable of wielding weapons or throwing items.
You cannot wear armour.
You gain extra lives every three experience levels.


Message History

A frilled lizard, a quokka and a goblin come into view.
Found a dented jasper amulet.
Found a stone staircase leading down.
The frilled lizard hisses angrily.
You hear a shout!
You catch the helpless endoplasm completely off-guard!
You scratch the endoplasm. You bite the endoplasm.
You kill the endoplasm!
The helpless frilled lizard fails to defend itself.
You scratch the frilled lizard.
You kill the frilled lizard!
Aiming: Shock (safe; 10% risk of failure)
Press: ? - help, Q - select action Shift-Dir - straight line, f - frilled lizard
Aim: a frilled lizard (48% to hit)
The zap misses the frilled lizard.
Aiming: Shock (safe; 10% risk of failure)
Press: ? - help, Q - select action Shift-Dir - straight line, f/p - frilled lizard
Aim: a frilled lizard (48% to hit)
The zap hits the frilled lizard.
You kill the frilled lizard!
The quokka closely misses you.
You barely miss the quokka.
The quokka twitches its whiskers.
The quokka barely misses you.
You barely miss the quokka. The quokka barely misses you.
You barely miss the quokka. The quokka misses you.
Aiming: Shock (safe; 10% risk of failure)
Press: ? - help, Q - select action Shift-Dir - straight line, f - quokka
Aim: a quokka (56% to hit)
The zap misses the quokka.
The zap hits the goblin.
You kill the goblin!
The quokka bites you.
Ouch! That really hurt!
* * * LOW HITPOINT WARNING * * *
Aiming: Shock (safe; 10% risk of failure)
Press: ? - help, Q - select action Shift-Dir - straight line, f/p - quokka
Aim: a quokka (56% to hit)
The zap hits the quokka.
The quokka is moderately wounded.
The quokka barely misses you. The quokka bites you.
Ouch! That really hurt!
You die...

###♣#♣#♣#♣#♣#.######..
#..............#......
#<..♣♣...............g
#......[..............
###♣#♣#♣#♣#♣#.........
######......g..
#..............
#..†..........>
#@r..).........
##...........$"
##.....#.....#
#############


You could see a quokka.

Vanquished Creatures
  An endoplasm (D:1)
  A goblin (D:1)
  2 frilled lizards (D:1)
4 creatures vanquished.

Notes
Turn   | Place    | Note
-------+----------+-------------------------------------------
     0 | D:1      | croobank the Felid Air Elementalist began the quest for the
                  | Orb.
     0 | D:1      | Reached XP level 1. HP: 7/7 MP: 4/4
    28 | D:1      | Slain by a quokka

Illustrated notes

Levels and vault maps discovered:
D:1:      minmay_arrival_plants_in_alcoves, layout_rooms

Action                   || total
-------------------------++-------
Melee: Unarmed           ||     5
       Bite              ||     1
 Cast: Shock             ||     4
 Stab: Distracted        ||     1
       Sleeping          ||     1
Dodge: Dodged            ||     5

Table legend: (Time is in decaauts)
 A = Elapsed time spent in this place.
 B = Non-inter-level travel time spent in this place.
 C = Inter-level travel time spent in this place.
 D = Time resting spent in this place.
 E = Time spent auto-exploring this place.
 F = Levels seen in this place.
 G = Mean time per level.
                   A        B        C        D        E       F      G
               +--------+--------+--------+--------+--------+-----+--------+
         Total |     24 |     24 |      0 |      0 |      7 |   1 |   24.0 |
       Dungeon |     24 |     24 |      0 |      0 |      7 |   1 |   24.0 |
               +--------+--------+--------+--------+--------+-----+--------+

Top non-repeatable levels by time:
     D:1: 24 daAuts
